 Dungeon Crawl Stone Soup version 0.25.1-2-g60ff931df9 (webtiles) character file.

Game seed: 3145898997957532736

37 hawla the Conjurer (level 3, -3/26 HPs)
             Began as a Draconian Conjurer on Nov 18, 2020.
             Slain by a goblin (4 damage)
             ... led by Robin
             ... on level 2 of the Dungeon.
             The game lasted 00:04:25 (1629 turns).

hawla the Conjurer (Draconian Conjurer)             Turns: 1629, Time: 00:04:25

Health: -3/26      AC:  5    Str: 10    XL:     3   Next: 21%
Magic:  1/7        EV: 12    Int: 16    God:
Gold:   55         SH:  0    Dex: 11    Spells: 5/8 levels left

rFire    . . .     SeeInvis .   g - +2 dagger (venom)
rCold    . . .     Gourm    .   (no shield)
rNeg     . . .     Faith    .   (armour unavailable)
rPois    .         Spirit   .   (helmet restricted)
rElec    .         Reflect  .   (no cloak)
rCorr    .         Harm     .   (no gloves)
MR       .....                  (no boots)
Stlth    ++........             (no amulet)
HPRegen  0.08/turn              (no ring)
MPRegen  0.10/turn              (no ring)

@: about to teleport, hasted, very quick
A: unfitting armour, cold-blooded, AC +5
a: no special abilities


You were on level 2 of the Dungeon.
You were hungry.

You visited 1 branch of the dungeon, and saw 2 of its levels.

You collected 55 gold pieces.

Inventory:

Hand Weapons
 g - a +2 dagger of venom (weapon)
Scrolls
 d - a scroll of teleportation
 e - 2 scrolls of magic mapping
 j - a scroll of enchant weapon
Potions
 h - a potion of flight {unknown}
Comestibles
 b - a ration


   Skills:
 - Level 1.7 Dodging
 - Level 1.7 Stealth
 + Level 3.1 Spellcasting
 * Level 4.3 Conjurations


You had 5 spell levels left.
You knew the following spells:

 Your Spells              Type           Power        Failure   Level  Hunger
a - Magic Dart            Conj           ###.         3%          1    None
b - Searing Ray           Conj           ###...       4%          2    ##.....

Your spell library contained the following spells:

 Spells                   Type           Power        Failure   Level  Hunger
 Dazzling Flash           Conj/Hex       #.....       22%         3    ###....
 Fulminant Prism          Conj/Hex       #.........   58%         4    ####...
 Iskenderun's Mystic Bla  Conj/Tloc      #.......     58%         4    ####...


Dungeon Overview and Level Annotations

Branches:
Dungeon (2/15)

Altars:
Ashenzari

Annotations:
D:2 Robin


Innate Abilities, Weirdness & Mutations

Your plain brown scales are hard. (AC +5)
You cannot fit into any form of body armour.
You are cold-blooded and may be slowed by cold attacks.


Message History

You feel strangely unstable. The goblin barely misses you.
The goblin hits you but does no damage. The goblin hits you.
Casting: Searing Ray (safe; 4% risk of failure)
Confirm with . or Enter, or press ? or * to list all spells.
Aiming: Searing Ray (safe; 4% risk of failure)
Press: ? - help, Shift-Dir - straight line, f - Robin, p - goblin
Aim: Robin, wielding a +0 mace, wearing a +1 animal skin and wearing a +0 helmet The searing ray hits Robin.
Robin is heavily wounded. (Press . to maintain the ray.)
The goblin hits you with a cursed -1 club.
* * * LOW HITPOINT WARNING * * *
The goblin hits you but does no damage. The goblin closely misses you.
Robin hits you with a +0 mace.
* * * LOW HITPOINT WARNING * * *
It was a potion of haste.
You feel yourself speed up. The goblin closely misses you.
The goblin hits you with a +0 club.
* * * LOW HITPOINT WARNING * * *
The goblin hits you.
You die...

,,,,,,*,* *,,,,,,,,***,,,,,,*,**
****,,<** *,,...?.,,,,,,,,,**,*
**,** *,,,...,,***,**,,**,** *,*
*,,,...,,* *>,,,,**,** ***,*
*,,,...,,* ****,***,** *,,,*
****#g#*** **+***,** #.#** #g#
**,,,**,,, ##.# ###g# **,,,,,****
##..# ##.#@## **,,,,,,,***
#...#########.#ggg##**,,,,,,,,,**
.....................+,,,,,,,,,+,
#...##.#######....####,,,,,,,,,**
#......# #.#.## **,,,,,,,***
#......# #...# **,,,,,** #......#
###.# **,,,** #......# #.# **+**
.......# *.# *,*


You could see Robin, a hobgoblin (strong) and 4 goblins.

Vanquished Creatures
  8 hobgoblins
  2 bats (D:1)
  2 frilled lizards (D:1)
  10 goblins
  7 kobolds (D:1)
  3 rats (D:1)
32 creatures vanquished.

Notes
Turn   | Place    | Note
-------+----------+-------------------------------------------
     0 | D:1      | hawla the Draconian Conjurer began the quest for the Orb.
     0 | D:1      | Reached XP level 1. HP: 14/14 MP: 3/3
   114 | D:1      | Found a shattered altar of Ashenzari.
   354 | D:1      | Reached XP level 2. HP: 20/20 MP: 0/5
   754 | D:1      | Learned a level 2 spell: Searing Ray
  1141 | D:1      | Reached XP level 3. HP: 26/26 MP: 1/7
  1618 | D:2      | Noticed Robin
  1629 | D:2      | HP: 1/26 [goblin/+0 club[Robin] (4)]
  1629 | D:2      | Slain by a goblin

Illustrated notes

Levels and vault maps discovered:
D:1:      dpeg_arrival_rooms_with_view, layout_basic, evilmike_ruin_ashenzari
D:2:      layout_loops_corners, uniq_robin, uniq_terence

Skill      XL: |  1  2 |
---------------+-------+-----
Spellcasting   | 3 |  3.1
Dodging        | |  1.7
Stealth        | |  1.7
Conjurations   | |  4.3

Action                   || total
-------------------------++-------
Melee: Whip              ||     3
       Dagger            ||     1
 Cast: Magic Dart        ||    46
       Searing Ray       ||     7
  Use: Scroll            ||     5
       Potion            ||     1
  Eat: Chunk             ||     2
Armor: Skin              ||     9
Dodge: Dodged            ||    20
